 Dungeon Crawl Stone Soup version 0.26.1-11-gd32895ea62 (webtiles) character file.

Game seed: 2786804514223833658

32701 nothank2 the Geomancer (level 13, -3/68 HPs)
             Began as a Gargoyle Earth Elementalist on June 9, 2021.
             Was a High Priest of Vehumet.
             Slain by an ice beast (10 damage)
             ... summoned by an ice statue
             ... in an ice cave on June 11, 2021.
             The game lasted 02:12:35 (22749 turns).

nothank2 the Geomancer (GrEE)                      Turns: 22749, Time: 02:12:37

Health: -3/68      AC: 29    Str: 12    XL:     13   Next: 66%
Magic:  28/28      EV: 12    Int: 21    God:    Vehumet [*****.]
Gold:   919        SH:  0    Dex: 10    Spells: 4/35 levels left

rFire    . . .     SeeInvis .   G - +7 falchion of Dishonour {drain, Will++}
rCold    . . .     Faith    .   (no shield)
rNeg     + . .     Spirit   .   r - +0 steam dragon scales
rPois    ∞         Reflect  .   h - +2 helmet
rElec    +         Harm     .   O - +2 cloak
rCorr    .         Rampage  .   d - +2 pair of gloves
Will     ++...                  (no boots)
Stlth    ++........             c - amulet of magic regeneration
HPRegen  0.21/turn              C - +4 ring of protection
MPRegen  0.46/turn              y - ring of wizardry

@: about to teleport
A: negative energy resistance 1, electricity resistance, unbreathing,
petrification resistance, miasma immunity, AC +9
a: Renounce Religion


You were in an ice cave.
You worshipped Vehumet.
Vehumet was extremely pleased with you.
You visited 4 branches of the dungeon, and saw 19 of its levels.
You also visited: Ice Cave.

You collected 1226 gold pieces.
You spent 307 gold pieces at shops.

Inventory:

Hand Weapons
 n - a +1 long sword of flaming
 D - a +1 dagger of speed
 G - the +7 falchion of Dishonour (weapon) {drain, Will++}
   (You found it on level 8 of the Dungeon)

   A truly terrible weapon, it drains the life of those it strikes.
   It affects your willpower, your defense against some magical effects.
 J - a +6 mace of freezing
Missiles
 E - 318 stones
Armour
 d - a +2 pair of gloves (worn)
 h - a +2 helmet (worn)
 o - the +2 robe "Uleka" {Dex+8, unknown}
   (You found it in an ice cave)

   It affects your dexterity (+8).
 r - +0 steam dragon scales (worn)
 H - the cursed +0 pair of gloves of Eternal Vigilance {+Blink rF- rCorr Int-4, unknown}
   (You found it in an ice cave)

   It affects your intelligence (-4).
   It makes you vulnerable to fire.
   It lets you blink.
   It provides partial protection from all sources of acid and corrosion.
   It has a curse placed upon it.
 O - a +2 cloak (worn)
Jewellery
 c - an amulet of magic regeneration (around neck)
 e - an uncursed amulet of guardian spirit
 q - an uncursed amulet of faith
 t - an uncursed ring of see invisible
 y - a ring of wizardry (right hand)
 z - an uncursed amulet of reflection
 C - a +4 ring of protection (left hand)
Wands
 x - a wand of iceblast (6)
 I - a wand of acid (4)
 K - a wand of flame (32)
 M - a wand of enslavement (13)
Scrolls
 a - 6 scrolls of teleportation
 i - 3 scrolls of enchant armour
 j - 6 scrolls of remove curse
 k - 7 scrolls of identify
 s - 2 scrolls of magic mapping
 v - 3 scrolls of amnesia
 w - a scroll of fog
 B - 3 scrolls of enchant weapon
 F - a scroll of fear
Potions
 b - 2 potions of cancellation
 f - 4 potions of might
 g - 2 potions of magic {unknown}
 l - 2 potions of brilliance
 m - 8 potions of curing
 p - 4 potions of berserk rage
 u - a potion of heal wounds
 A - a potion of invisibility
 N - 2 potions of haste
 P - a potion of ambrosia
 Q - 2 potions of flight


   Skills:
 - Level 3.2 Fighting
 * Level 3.2 Long Blades
 - Level 0.4 Polearms
 - Level 4.1 Armour
 - Level 1.5 Dodging
 - Level 2.1 Stealth
 - Level 4.0 Shields
 + Level 11.7 Spellcasting
 + Level 8.5 Conjurations
 * Level 4.5 Hexes
 - Level 6.2 Translocations
 * Level 4.3 Transmutations
 + Level 0.8 Ice Magic
 + Level 14.6 Earth Magic


You had 4 spell levels left.
You knew the following spells:

 Your Spells              Type           Power        Failure   Level
a - Magic Dart            Conj           100%         1%          1
b - Stone Arrow           Conj/Erth      100%         1%          3
c - Lee's Rapid Deconstr  Erth           32%          1%          5
d - Blink                 Tloc           N/A          1%          2
e - Mephitic Cloud        Conj/Pois/Air  24%          1%          3
f - Shock                 Conj/Air       100%         1%          1
g - Searing Ray           Conj           96%          1%          2
h - Ignite Poison         Fire/Tmut/Pois 18%          1%          3
i - Starburst             Conj/Fire      15%          16%         6
j - Yara's Violent Unrav  Hex/Tmut       15%          3%          5

Your spell library contained the following spells:

 Spells                   Type           Power        Failure   Level
 Sandblast                Erth           100%         0%          1
 Passwall                 Tmut/Erth      42%          1%          2
 Slow                     Hex            31%          1%          2
 Conjure Flame            Conj/Fire      30%          1%          3
 Hailstorm                Conj/Ice       31%          1%          4
 Petrify                  Tmut/Erth      51%          1%          4
 Call Imp                 Summ           12%          3%          2


Dungeon Overview and Level Annotations

Branches:
Dungeon (14/15)            Temple (1/1) D:6            Lair (2/6) D:8
    Orc (2/2) D:9             Elf (0/3) Orc:2        Vaults (0/5) D:13
  IceCv (1/1)
  Swamp: Lair:2-4    Shoals: Lair:2-4     Snake: Lair:2-4    Spider: Lair:2-4

Altars:
Ashenzari
Cheibriados
Dithmenos
Elyvilon
Fedhas
Gozag
Hepliaklqana
Kikubaaqudgha
Makhleb
Nemelex Xobeh
Okawaru
Qazlal
Ru
Sif Muna
Trog
Uskayaw
Vehumet
Wu Jian
Xom
Yredelemnul
Zin
The Shining One

Shops:
D:6 }**   D:8 ?   D:11 [

Annotations:
D:14 Kirke IceCv exclusion: 3 ice statues


Innate Abilities, Weirdness & Mutations

You are resistant to torment.
Your stone body is resilient. (AC +9)
You are immune to poison.
You resist negative energy. (rN+)
You are resistant to electric shocks. (rElec)
You can survive without breathing.
You are immune to petrification.
You are immune to miasma.


Message History

The freezing blast engulfs the ice beast.
The ice beast completely resists.
You are engulfed in freezing vapours.
The ice beast misses you.
You riposte.
You hit the ice beast.
The ice beast is moderately wounded.
The ice statue gestures.
You are engulfed in freezing vapours.
You see here a pair of jewelled gloves.
H - a pair of jewelled gloves You are engulfed in freezing vapours.
* * * LOW HITPOINT WARNING * * *
The ice beast hits you but does no damage.
You feel much better. The ice beast completely misses you.
As you read the scroll of teleportation, it crumbles to dust.
You feel strangely unstable. The ice beast hits you. The ice beast freezes you!
* * * LOW HITPOINT WARNING * * *
The ice beast hits you.
* * * LOW HITPOINT WARNING * * *
The ice beast freezes you!
You die...

#.'.......'.#
###.8...8.###
#.'.......'.#
###.8...8.### #
#.'.......'.#
#'######'######'#
#...............#
####8.#####.8####
##.#○Y@#.##
#.#○○Y#.#
#.#.○○#.#
#.##'##.#
#...^.^.#
####8#### ###


You could see an ice statue and 2 ice beasts.

Vanquished Creatures
  Louise (D:14)
  Snorg (Orc:2)
  An ettin (D:13)
  3 centaur warriors
  A death knight (D:12)
  5 two-headed ogres
  Urug (Orc:1)
  A necromancer (IceCv)
  An orc knight (D:9)
  7 ugly things
  2 cyclopes
  A black mamba (Lair:1)
  A centaur zombie (D:12)
  A torpor snail (Lair:2)
  Maggie (D:7)
  A freezing wraith (D:13)
  10 ice devils
  3 trolls
  3 blink frogs (Lair:1)
  4 slime creatures (D:13)
  6 dream sheep (Lair:1)
  Sigmund (D:2)
  2 wyverns
  12 yaks
  A shadow (D:11)
  A hog (shapeshifter) (D:13)
  A steam dragon (D:11)
  A basilisk (Lair:2)
  Edmund (D:4)
  9 vampire mosquitoes
  2 wargs
  A soldier ant (D:13)
  An acid dragon (D:12)
  2 water moccasins (Lair:1)
  Duvessa (D:4)
  2 ice beasts
  An eye of draining (D:12)
  11 ogres
  2 black bears
  8 orc warriors
  A necrophage (D:9)
  A sky beast (D:6)
  11 centaurs
  A big kobold (D:7)
  A gnoll sergeant (D:9)
  19 bullfrogs
  A bullfrog (shapeshifter) (D:13)
  A water moccasin zombie (D:9)
  Dowan (D:4)
  3 scorpions
  11 wights
  6 howler monkeys
  2 bullfrog zombies
  2 bullfrog skeletons
  9 orc priests
  9 hounds
  5 jellies
  3 centaur skeletons
  16 orc wizards
  2 iguanas
  17 worker ants
  A troll simulacrum (IceCv)
  3 centaur simulacra (IceCv)
  A hound zombie (D:6)
  A hound skeleton (D:4)
  2 worker ant zombies
  8 gnolls
  7 adders
  2 howler monkey skeletons
  2 naga simulacra (IceCv)
  4 ogre simulacra (IceCv)
  A shadow imp (D:9)
  A white imp (D:6)
  4 ufetubi
  An adder skeleton (D:4)
  An adder zombie (D:5)
  3 worms
  2 dart slugs
  4 leopard geckos
  50 orcs
  9 bats
  6 giant cockroaches
  7 goblins
  8 hobgoblins
  12 jackals
  9 kobolds
  5 quokkas
  A ball python skeleton (D:5)
  3 frilled lizards (D:1)
  A quokka zombie (D:5)
  4 rats
400 creatures vanquished.

Vanquished Creatures (others)
  2 centaurs
  A scorpion (D:9)
  A howler monkey (D:9)
  An orc wizard (D:9)
  A worker ant (D:9)
  An adder (D:9)
  A white imp (D:9)
  An orc (D:9)
  2 fungi
  6 plants
17 creatures vanquished.

Grand Total: 417 creatures vanquished

Notes
Turn   | Place    | Note
-------+----------+-------------------------------------------
     0 | D:1      | nothank2 the Gargoyle Earth Elementalist began the quest
                  | for the Orb.
     0 | D:1      | Reached XP level 1. HP: 10/10 MP: 3/3
   133 | D:1      | Reached skill level 4 in Earth Magic
   186 | D:1      | Reached XP level 2. HP: 15/15 MP: 1/5
   768 | D:1      | Reached XP level 3. HP: 19/19 MP: 5/7
   801 | D:1      | Learned a level 3 spell: Stone Arrow
  1640 | D:2      | Noticed Sigmund
  1907 | D:3      | Reached XP level 4. HP: 19/24 MP: 2/9
  1909 | D:3      | Reached skill level 5 in Earth Magic
  1916 | D:3      | Reached XP level 5. HP: 19/28 MP: 1/10
  3420 | D:4      | Reached XP level 6. HP: 16/32 MP: 0/12
  3436 | D:4      | Reached skill level 6 in Earth Magic
  3738 | D:4      | Noticed Dowan
  3743 | D:4      | Noticed Edmund
  4276 | D:2      | Killed Sigmund
  4277 | D:2      | Reached skill level 5 in Spellcasting
  4277 | D:2      | Reached skill level 1 in Conjurations
  4277 | D:2      | Reached XP level 7. HP: 36/36 MP: 6/14
  4646 | D:4      | Killed Edmund
  4671 | D:4      | Noticed Duvessa
  4978 | D:4      | Killed Dowan
  4979 | D:4      | Reached skill level 7 in Earth Magic
  4990 | D:4      | Killed Duvessa
  5177 | D:4      | Found a snail-covered altar of Cheibriados.
  5488 | D:4      | Reached skill level 1 in Armour
  5488 | D:4      | Reached skill level 1 in Transmutations
  5488 | D:4      | Reached XP level 8. HP: 33/41 MP: 6/16
  5957 | D:5      | Entered Level 5 of the Dungeon
  6229 | D:5      | Reached skill level 8 in Earth Magic
  6389 | D:5      | Learned a level 5 spell: Lee's Rapid Deconstruction
  7083 | D:6      | Found Fourud's Gadget Shop.
  7095 | D:6      | Reached skill level 9 in Earth Magic
  7178 | D:6      | Reached skill level 1 in Shields
  7619 | D:6      | Found Faffaluss's General Store.
  7637 | D:6      | Reached XP level 9. HP: 36/45 MP: 3/18
  7755 | D:6      | Bought a scroll of remove curse for 36 gold pieces
  7755 | D:6      | Bought a potion of curing for 36 gold pieces
  7821 | D:6      | Found a staircase to the Ecumenical Temple.
  7854 | Temple   | Entered the Ecumenical Temple
  7979 | Temple   | Became a worshipper of Vehumet
  8167 | D:6      | Found Acingeagh's Assorted Antiques.
  8170 | D:6      | Bought 3 scrolls of identify for 138 gold pieces
  8230 | D:7      | Reached skill level 10 in Earth Magic
  8616 | D:7      | Noticed Maggie
  8895 | D:8      | Learned a level 1 spell: Magic Dart
  8898 | D:8      | Learned a level 2 spell: Blink
  8902 | D:8      | Learned a level 3 spell: Mephitic Cloud
  9064 | D:8      | Found a staircase to the Lair.
  9071 | D:8      | Got an encrusted falchion
  9072 | D:8      | Identified the +7 falchion of Dishonour {drain, Will++}
                  | (You found it on level 8 of the Dungeon)
  9092 | D:8      | Found Luattuguo's Magic Scroll Shop.
  9105 | D:8      | Bought a scroll of enchant armour for 97 gold pieces
  9122 | D:8      | Found a sparkling altar of Nemelex Xobeh.
  9567 | D:8      | Found a basalt altar of Yredelemnul.
  9718 | D:7      | Killed Maggie
 10360 | D:9      | Reached skill level 1 in Translocations
 10484 | D:9      | Reached skill level 11 in Earth Magic
 10485 | D:9      | Reached * piety under Vehumet
 10485 | D:9      | Offered knowledge of Shock by Vehumet.
 10495 | D:9      | Learned a level 1 spell: Shock
 10746 | D:9      | Reached XP level 10. HP: 50/50 MP: 5/21
 10930 | D:9      | Found a staircase to the Orcish Mines.
 11186 | D:9      | Found a shimmering altar of Xom.
 11631 | D:9      | Offered knowledge of Searing Ray by Vehumet.
 11732 | D:9      | Reached ** piety under Vehumet
 11987 | D:10     | Entered Level 10 of the Dungeon
 12004 | D:10     | Learned a level 2 spell: Searing Ray
 12699 | D:10     | Noticed a two-headed ogre
 12702 | D:10     | Killed a two-headed ogre
 13133 | D:11     | Reached skill level 12 in Earth Magic
 13249 | D:11     | Noticed a two-headed ogre
 13252 | D:11     | Killed a two-headed ogre
 13404 | D:11     | Offered knowledge of Ignite Poison by Vehumet.
 13409 | D:11     | Learned a level 3 spell: Ignite Poison
 13618 | D:11     | Found a bloodstained altar of Trog.
 13634 | D:11     | Found Teiggeogug's Antique Armour Emporium.
 13663 | D:10     | Reached XP level 11. HP: 54/54 MP: 3/24
 13779 | D:10     | Reached *** piety under Vehumet
 13962 | D:11     | Noticed a cyan ugly thing
 13968 | D:11     | Killed a cyan ugly thing
 14063 | D:11     | Reached skill level 13 in Earth Magic
 14444 | D:12     | Noticed a two-headed ogre
 14473 | D:12     | Noticed a two-headed ogre
 14479 | D:12     | Killed a two-headed ogre
 14480 | D:12     | Reached skill level 10 in Spellcasting
 14601 | D:12     | Noticed a death knight
 14960 | D:12     | Noticed a cyclops
 14964 | D:12     | Noticed a centaur warrior
 15227 | D:12     | Killed a centaur warrior
 15227 | D:12     | Offered knowledge of Hailstorm by Vehumet.
 15243 | D:12     | Noticed a two-headed ogre
 15605 | Lair:1   | Entered Level 1 of the Lair of Beasts
 15769 | Lair:1   | Reached skill level 5 in Translocations
 16387 | Lair:1   | Reached XP level 12. HP: 60/60 MP: 15/26
 16664 | Lair:1   | Learned a level 4 spell: Hailstorm
 16976 | Lair:2   | Reached skill level 14 in Earth Magic
 17191 | Lair:2   | Reached skill level 1 in Fighting
 17191 | Lair:2   | Reached skill level 5 in Conjurations
 17362 | Lair:2   | Noticed an eight-headed hydra
 17505 | Orc:1    | Entered Level 1 of the Orcish Mines
 17505 | Orc:1    | Noticed Urug
 17517 | Orc:1    | Killed Urug
 17517 | Orc:1    | Reached **** piety under Vehumet
 18097 | D:12     | Killed a two-headed ogre
 18105 | D:12     | Offered knowledge of Yara's Violent Unravelling by Vehumet.
 18239 | D:11     | Learned a level 5 spell: Yara's Violent Unravelling
 18262 | D:12     | Killed a death knight
 18283 | D:12     | Killed a two-headed ogre
 18284 | D:12     | Reached skill level 1 in Hexes
 18794 | D:13     | Noticed a centaur warrior
 18800 | D:12     | Killed a centaur warrior
 19408 | D:13     | Noticed a centaur warrior
 19413 | D:13     | Killed a centaur warrior
 19703 | D:13     | Noticed an ettin
 19803 | D:13     | Found a gate to the Vaults.
 19853 | D:13     | Killed an ettin
 19854 | D:13     | Reached XP level 13. HP: 68/68 MP: 12/28
 20539 | D:14     | Noticed Louise
 20545 | D:14     | Killed Louise
 20546 | D:14     | Reached skill level 1 in Long Blades
 20869 | D:14     | Noticed Kirke
 21342 | Orc:2    | Entered Level 2 of the Orcish Mines
 21429 | Orc:2    | Found a staircase to the Elven Halls.
 21500 | Orc:2    | Noticed Snorg
 21520 | Orc:2    | Killed Snorg
 21761 | Orc:2    | Reached ***** piety under Vehumet
 21761 | Orc:2    | Offered knowledge of Starburst by Vehumet.
 21769 | Orc:2    | Learned a level 6 spell: Starburst
 21863 | Orc:2    | Found a frozen archway.
 21879 | IceCv    | Entered an ice cave
 22738 | IceCv    | Got an ominously black robe
 22747 | IceCv    | Got a pair of jewelled gloves
 22749 | IceCv    | Slain by an ice beast

Illustrated notes

Levels and vault maps discovered:
D:1:      lightli_arrival_quake, layout_basic
D:2:      layout_basic, uniq_sigmund
D:3:      layout_basic
D:4:      layout_gridville, serial_co_window_serial, co_window_paths_a,
          co_window_paths_a, co_window_paths_a, co_window_corner_a,
          co_window_corner_a, co_window_broadway_b, co_window_unsneaky_path_c,
          co_window_unsneaky_path_a, co_window_4corner_a, co_window_4corner_b,
          glass_columns_a, glass_columns_b, cheibriados_altar_1, uniq_edmund,
          uniq_duvessa
D:5:      layout_loops_corners
D:6:      layout_basic, temple_pool_b, serial_shops, nicolae_shop_stone,
          kennysheep_mini, shop
D:7:      layout_loops_cross, grunt_decor_mini_mirrors, uniq_maggie
D:8:      layout_rooms, nicolae_overflow_hidden_temple, lair_entry_dummy,
          serial_shops, shop_statue, nemelex_xobeh_ov_fountains_minmay
D:9:      layout_loops_ring, david_orc_3, xom_confusion_cloud
D:10:     layout_basic
D:11:     layout_cave_pools, basic_altar, serial_shops,
          nicolae_shop_overgrown_old_shop
D:12:     layout_rooms, hex_intersection, lemuel_nasty_fountain
D:13:     layout_long_grid, david_vaults_4
D:14:     layout_cave_pools, minmay_misc_feat_pillars, grunt_ministairs_9,
          uniq_kirke, uniq_louise
Temple:   kilobyte_greek_temple
Lair:1:   layout_regular_city
Lair:2:   layout_hall_layers
Orc:1:    layout_caves, basic_altar, uniq_urug
Orc:2:    st_orc_congregation, layout_caves, portal_ice_cave_demonic_guard,
          uniq_snorg, uniq_azrael
IceCv:    ice_cave_tombish

Skill      XL: |  1  2  3  4  5  6  7  8  9 10 11 12 13 |
---------------+----------------------------------------+-----
Earth Magic    | 4 5 6 7 9 11 12 13 14 | 14.6
Spellcasting   | 3 4 5 6 7 9 10 11 | 11.7
Conjurations   | 1 2 3 4 8 |  8.5
Armour         | 1 3 4 |  4.1
Transmutations | 1 3 4 |  4.3
Shields        | 1 4 |  4.0
Translocations | 1 3 5 6 |  6.2
Fighting       | 3 |  3.2
Hexes          | 3 4 |  4.5
Long Blades    | 3 |  3.2
Polearms       | |  0.4
Dodging        | |  1.5
Stealth        | |  2.1
Ice Magic      | |  0.8

Action                   |  1- 3 |  4- 6 |  7- 9 | 10-12 | 13-15 || total
-------------------------+-------+-------+-------+-------+-------++-------
Melee: Unarmed           |     6 |       |       |       |       ||     6
       Club              |    19 |       |       |       |       ||    19
       Hand axe          |       |     7 |       |       |       ||     7
       Halberd           |       |    24 |    18 |       |       ||    42
       Flail             |       |       |    30 |       |       ||    30
       Falchion          |       |       |    13 |   103 |    99 ||   215
 Cast: Sandblast         |    43 |    51 |    52 |       |       ||   146
       Stone Arrow       |       |     3 |    73 |   158 |    43 ||   277
       Lee's Rapid Decon |       |       |    17 |    93 |    84 ||   194
       Magic Dart        |       |       |     4 |       |       ||     4
       Mephitic Cloud    |       |       |     1 |     4 |       ||     5
       Searing Ray       |       |       |       |    21 |     1 ||    22
       Shock             |       |       |       |     9 |       ||     9
       Blink             |       |       |       |     5 |     3 ||     8
       Ignite Poison     |       |       |       |     1 |       ||     1
       Hailstorm         |       |       |       |     2 |       ||     2
       Yara's Violent Un |       |       |       |     1 |       ||     1
       Starburst         |       |       |       |       |     1 ||     1
  Use: Scroll            |     1 |     6 |     7 |    16 |     2 ||    32
       Potion            |       |       |       |       |     3 ||     3
 Stab: Sleeping          |       |       |     1 |       |       ||     1
Armor: Robe              |    14 |    36 |    52 |       |       ||   102
       Steam dragon scal |       |       |     7 |   114 |   110 ||   231
Dodge: Dodged            |    25 |    60 |    66 |   143 |   129 ||   423
Block: Other             |       |       |    12 |    50 |       ||    62
       Reflection        |       |       |     1 |     5 |       ||     6
       Rpst.: Falchion   |       |       |       |    40 |    45 ||    85
